 Dungeon Crawl Stone Soup version 0.31-a0-1-g4198be8af4 (webtiles) character file.

Game seed: 16967103511631410676

116776 Zlot the Blocker (level 16, -1/140 HPs)
             Began as a Demonspawn Brigand on May 2, 2023.
             Was an Initiate of Gozag.
             Splashed by a goliath frog's acid (5 damage)
             ... on level 1 of the Swamp on May 3, 2023.
             The game lasted 02:15:19 (28744 turns).

Zlot the Blocker (Demonspawn Brigand)              Turns: 28744, Time: 02:15:20

Health: -1/140     AC: 17    Str: 17      XL:     16   Next: 21%
Magic:  0/26       EV: 16    Int: 23      God:    Gozag
Gold:   532        SH:  4    Dex: 18 (19) Spells: 12/29 levels left

rFire   x . .        a - +9 broad axe (protect)
rCold   + + .        (no shield)
rNeg    + . .        R - +4 robe of Augmentation {Str+4 Int+4 Dex+4}
rPois   +            q - +1 helmet
rElec   +            Q - +0 cloak
rCorr   +            (gloves unavailable)
SInv    .            Y - +3 pair of seven-league boots {Rampage+∞}
Will    +....        x - amulet of regeneration
Stlth   +++          F - ring of New Discoveries {rElec rC+ rN+}
HPRegen 1.23/turn    z - ring "Qidif" {rElec rPois rC+ rCorr Slay-2}
MPRegen 0.40/turn

%: guardian spirit, rampage+∞
@: corroded, under a protective aura
A: claws 3, large bone plates 1, demonic guardian 2, magic shield, magic
regeneration, deterioration 1, robust 2, heat vulnerability 1
a: Renounce Religion, Potion Petition, Call Merchant, Bribe Branch


You were on level 1 of the Swamp.
You worshipped Gozag.
Gozag was pleased with you.
You visited 8 branches of the dungeon, and saw 27 of its levels.
You also visited: Bailey.

You collected 8281 gold pieces.
You spent 5615 gold pieces at shops.
You paid 2134 gold pieces to Gozag.

Inventory:

Hand Weapons
 a - a +9 broad axe of protection (weapon)
 b - a +2 hand crossbow of freezing
 c - a +2 war axe of flaming
Missiles
 d - 4 poisoned darts (quivered)
 p - 7 javelins
 D - 4 silver javelins
 H - 26 boomerangs
 L - a throwing net
Armour
 q - a +1 helmet (worn)
 t - the +0 plate armour of the Ward {+Blink Dex+3 Slay+3 Stlth+}
   (You bought it in a shop on level 2 of the Orcish Mines)

   Dex:       It affects your dexterity (+3).
   Slay:      It affects your accuracy & damage with ranged weapons and melee
   (+3).
   +Blink:    It lets you blink.
   Stlth:     It makes you more stealthy.
 O - the +10 tower shield of Ignorance {rN+ Int-4}
   (You bought it in a shop on level 2 of the Orcish Mines)

   Int:       It affects your intelligence (-4).
   rN:        It protects you from negative energy.
 Q - a +0 cloak (worn)
 R - the +4 robe of Augmentation (worn) {Str+4 Int+4 Dex+4}
   (You found it on level 6 of the Dungeon)

   Str:       It affects your strength (+4).
   Int:       It affects your intelligence (+4).
   Dex:       It affects your dexterity (+4).
 Y - the +3 pair of seven-league boots (worn) {Rampage+∞}
   (You found it on level 13 of the Dungeon)

   Rampage+∞: When moving toward enemies, its wearer moves as far as possible.
Jewellery
 k - an amulet of reflection
 n - a ring of see invisible
 o - a +6 ring of dexterity
 x - an amulet of regeneration (around neck)
 z - the ring "Qidif" (right claw) {rElec rPois rC+ rCorr Slay-2}
   (You took it off a centaur warrior on level 8 of the Dungeon)

   [ring of resist corrosion]

   Slay:      It affects your accuracy & damage with ranged weapons and melee
   (-2).
   rC:        It protects you from cold.
   rElec:     It insulates you from electricity.
   rPois:     It protects you from poison.
   rCorr:     It protects you from acid and corrosion.
 F - the ring of New Discoveries (left claw) {rElec rC+ rN+}
   (You took it off a centaur warrior on level 8 of the Dungeon)

   [ring of protection from cold]

   rC:        It protects you from cold.
   rElec:     It insulates you from electricity.
   rN:        It protects you from negative energy.
 V - the ring of Bofujawn {Will+ Str+4}
   (You took it off a centaur warrior on level 8 of the Dungeon)

   [ring of willpower]

   Str:       It affects your strength (+4).
   Will:      It increases your willpower.
Wands
 u - a wand of charming (24)
 A - a wand of polymorph (5)
 B - a wand of digging (4)
 E - a wand of mindburst (5)
 G - a wand of iceblast (19)
 N - a wand of flame (40)
Scrolls
 e - 5 scrolls of teleportation
 r - 14 scrolls of identify
 s - 4 scrolls of blinking
 y - 2 scrolls of fog
 C - 2 scrolls of poison
 I - a scroll of magic mapping
 W - a scroll of amnesia
Potions
 f - 5 potions of curing
 g - 4 potions of flight
 i - 6 potions of brilliance
 j - a potion of berserk rage
 l - 2 potions of attraction
 m - 3 potions of might
 v - 4 potions of haste
 w - 2 potions of invisibility
 J - a potion of magic
 M - 3 potions of ambrosia
 P - a potion of cancellation
 S - 3 potions of lignification
 U - 2 potions of resistance
Miscellaneous
 K - a lightning rod (2/4)
 T - a phial of floods (inert)


   Skills:
 + Level 8.1 Fighting
 + Level 2.0 Short Blades
 + Level 9.6(10.5) Axes
 + Level 6.6(9.1) Maces & Flails
 + Level 7.4 Throwing
 + Level 7.5 Armour
 + Level 6.5 Dodging
 + Level 4.3 Stealth
 * Level 14.0 Shields
 + Level 6.3 Unarmed Combat
 + Level 7.0 Spellcasting
 + Level 4.1 Conjurations
 + Level 7.5 Hexes
 * Level 1.3 Summonings
 + Level 6.6 Transmutations
 + Level 4.2 Evocations


You had 12 spell levels left.
You knew the following spells:

 Your Spells              Type           Power      Damage    Failure   Level
a - Wereblood             Tmut           38%        N/A       1%          2
b - Yara's Violent Unrav  Hex/Tmut       20%        3d9       12%         5
c - Dazzling Flash        Conj/Hex       68%        N/A       2%          3
d - Call Canine Familiar  Summ           14%        N/A       14%         3
e - Iskenderun's Mystic   Conj/Tloc      17%        2d5       32%         4

Your spell library contained the following spells:

 Spells                   Type           Power      Damage    Failure   Level
 Beastly Appendage        Tmut           76%        N/A       1%          1
 Ensorcelled Hibernation  Hex/Ice        50%        N/A       2%          2
 Shock                    Conj/Air       68%        1d7       3%          1
 Passwall                 Tmut/Erth      19%        N/A       3%          2
 Summon Guardian Golem    Hex/Summ       28%        N/A       3%          3
 Summon Small Mammal      Summ           56%        N/A       4%          1
 Spider Form              Tmut/Pois      23%        N/A       6%          3
 Fulminant Prism          Conj/Hex       17%        3d10      7%          4
 Hailstorm                Conj/Ice       17%        3d6       10%         3
 Ignite Poison            Fire/Tmut/Pois 18%        N/A       10%         3
 Cigotuvi's Dreadful Rot  Necr/Pois/Air  16%        N/A       12%         2
 Ice Form                 Ice/Tmut       23%        N/A       19%         4
 Swiftness                Air            8%         N/A       22%         3
 Vhi's Electric Charge    Tloc/Air       16%        N/A       22%         3
 Volatile Blastmotes      Fire/Tloc      16%        2d11      22%         3
 Silence                  Hex/Air        12%        N/A       41%         5
 Airstrike                Air            4%         2d(1-17)  58%         4
 Arcjolt                  Conj/Air       8%         1d18      67%         5
 Freezing Cloud           Conj/Ice/Air   7%         6-21      77%         5
 Agony                    Necr           8%         N/A       91%         5
 Lee's Rapid Deconstruct  Erth           4%         3d5*      91%         5
 Malign Gateway           Summ/Tloc      5%         N/A       100%        7
 Maxwell's Capacitive Co  Air            4%         ∞         100%        8
 Necromutation            Tmut/Necr      11%        N/A       100%        8
 Summon Horrible Things   Summ           7%         N/A       100%        8
 Simulacrum               Ice/Necr       Unusable   N/A       N/A         6

Dungeon Overview and Level Annotations

Branches:
Dungeon (15/15)            Temple (1/1) D:5            Lair (5/5) D:9
  Swamp (1/4) Lair:2       Spider (1/4) Lair:3        Slime (0/5) Lair:5
    Orc (2/2) D:9             Elf (1/3) Orc:2        Vaults (0/5) D:13
 Depths (1/4) D:15         Bailey (visited)

Altars:
Ashenzari
Cheibriados
Dithmenos
Fedhas
Gozag
Hepliaklqana
Kikubaaqudgha
Makhleb
Nemelex Xobeh
Okawaru
Qazlal
Ru
Sif Muna
Trog
Uskayaw
Vehumet
Wu Jian
Xom
Yredelemnul
Jiyva

Shops:
D:12 *   D:13 ==[?   D:14 :   D:15 *   Orc:1 =   Orc:2 =[[[   Lair:2 !
Lair:4 (

Annotations:
D:5 3 runed translucent doors, choppaz's ghost, novice VSMo
Swamp:1 Louise
Elf:1 6 runed translucent doors


Innate Abilities, Weirdness & Mutations

You have claws for hands.
You are partially covered in large bone plates. (SH +4)
A demonic guardian rushes to your aid.
When hurt, damage is shared between your health and your magic reserves.
You regenerate magic rapidly.
Your body sometimes deteriorates upon taking damage.
You are very robust. (+20% HP)
You are vulnerable to heat. (rF-)


Message History

You are splashed with acid.
You resist. You block the goliath frog's attack.
The goliath frog hits you but does no damage.
Unknown command.
You slice the goliath frog!!
The goliath frog is severely wounded.
You slash the goliath frog! The goliath frog closely misses you.
The goliath frog hits you but does no damage.
The goliath frog misses you.
Unknown command.
You closely miss the goliath frog.
The goliath frog is severely wounded.
You hit the goliath frog but do no damage.
The goliath frog hits you.
You are splashed with acid.
You resist. The goliath frog hits you.
* * * LOW HITPOINT WARNING * * *
You are splashed with acid.
You resist.
* * * LOW HITPOINT WARNING * * *
You hit the goliath frog.
The goliath frog is severely wounded.
You miss the goliath frog. The goliath frog hits you!
* * * LOW HITPOINT WARNING * * *
The acid corrodes you!
You are splashed with acid.
You resist.
* * * LOW HITPOINT WARNING * * *
A demonic guardian appears!
The goliath frog closely misses you. x2
You barely miss the goliath frog.
The goliath frog is severely wounded.
You slash the goliath frog! The goliath frog hits you!!
* * * LOW HITPOINT WARNING * * *
The acid corrodes you!
You are splashed with acid.
You resist.
* * * LOW HITPOINT WARNING * * *
The goliath frog hits you.
* * * LOW HITPOINT WARNING * * *
The acid corrodes you!
You are splashed with acid.
You resist.
* * * LOW HITPOINT WARNING * * *
The goliath frog misses you.
You feel better. The goliath frog hits you!
* * * LOW HITPOINT WARNING * * *
You are splashed with acid.
You resist.
You die...
Your body crumbles into a pile of gold.

♣.~~.♣♣.~~~~~~♣ ~~.
..~~....~~~~.~♣ .~~
♣♣~....~~~~~.♣♣♣♣ .~~.
♣♣♣~~~~.~~~.♣~~~♣ .~~~~
♣ ♣..~.....~.~~~♣♣
♣~~~~F ♣
♣♣..♣♣♣♣♣♣.~~~.♣♣.~~~~~
♣ ♣~~♣ ♣.~~~....§~~~~ ♣
♣♣♣♣ ♣...4FF..§~... ♣
♣~~.$@.^.~~... ♣
~..~.~~.........~ ♣
~~§..~~~~.~..~~~(~ ♣
§~~..?~~~.~~..~~..♣ ♣
~~....~~~.~♣♣♣~..♣♣ ♣
§.....~~..♣♣ ♣♣♣♣ ♣
~~~~.....♣♣ ~♣♣~~♣


You could see 2 goliath frogs and a friendly rust devil (summoned).

Vanquished Creatures
  Rupert (Lair:5)
  Kirke (Swamp:1)
  An ironbound preserver (D:13)
  An orc warlord (Orc:1)
  A war gargoyle (D:13)
  A broodmother (Spider:1)
  Nessos (D:14)
  A bunyip (Swamp:1)
  2 spark wasps
  Josephine (Orc:1)
  4 hydras
  10 centaur warriors
  Erica (Orc:1)
  4 two-headed ogres
  A death knight (D:13)
  2 deep troll shamans
  3 boulder beetles
  3 death yaks
  A tengu warrior (D:8)
  A vampire mage (D:15)
  Sonja (D:12)
  A titan skeleton (D:15)
  2 skysharks
  6 skeletal warriors
  3 deep trolls (D:15)
  4 bog bodies
  2 orb spiders (Spider:1)
  A necromancer (D:15)
  A phantasmal warrior (D:13)
  2 orc knights
  5 ugly things
  A tengu zombie (D:15)
  2 frost giant zombies (D:15)
  4 deep elf pyromancers
  An orc sorcerer (Orc:1)
  3 wolf spiders (Spider:1)
  5 cyclopes
  6 manticores
  A salamander (shapeshifter) (D:13)
  Maurice (D:12)
  11 elephants
  Joseph (D:10)
  4 black mambas
  8 cane toads
  A molten gargoyle (D:11)
  2 demonic crawlers (Lair:3)
  Psyche (D:12)
  A tengu conjurer (D:15)
  9 komodo dragons
  6 trolls
  A queen bee (shapeshifter) (D:14)
  2 meliai
  5 polar bears
  7 tarantellas
  Prince Ribbit (D:5)
  A hornet (D:9)
  8 blink frogs
  7 dream sheep
  7 slime creatures
  A shadow (D:11)
  A vampire (D:12)
  4 jumping spiders (Spider:1)
  5 culicivoras
  7 wraiths
  A centaur simulacrum (D:14)
  55 yaks
  8 wyverns
  A basilisk (D:13)
  4 hogs (Swamp:1)
  10 vampire mosquitoes
  11 redbacks (Spider:1)
  2 wargs
  3 swamp worms
  2 steam dragons
  3 acid dragons
  7 water moccasins
  2 sky beasts (D:7)
  Duvessa (D:4)
  35 orc warriors
  3 ice beasts
  4 black bears
  4 ogres
  18 wolves
  27 centaurs
  2 phantoms
  2 kobold brigands
  11 bullfrogs
  5 gnoll sergeants
  A scorpion (D:5)
  Dowan (D:4)
  9 wights (D:8)
  5 killer bees (Lair:3)
  6 howler monkeys
  2 vampire bats (D:12)
  An electric eel (Lair:2)
  4 lava snakes (D:11)
  A jelly (D:8)
  10 orc priests
  4 hounds
  A sleepcap (D:2)
  3 iguanas
  17 orc wizards
  14 gnolls
  5 adders
  A white imp (D:7)
  An ufetubus (D:7)
  A worm (D:2)
  A dart slug (D:2)
  60 orcs
  9 endoplasms
  7 giant cockroaches
  10 goblins
  6 hobgoblins
  5 quokkas
  3 ball pythons
  15 bats
  4 frilled lizards
  10 kobolds
  5 rats
637 creatures vanquished.

Vanquished Creatures (collateral kills)
  A yaktaur captain (D:13)
  A centaur warrior (D:13)
  A catoblepas (Lair:5)
  A two-headed ogre (D:11)
  A death yak (Lair:5)
  2 bog bodies (Lair:2)
  A swamp dragon (Swamp:1)
  2 orc knights
  A phantasmal warrior (D:13)
  A cyclops (D:13)
  A guardian serpent (D:13)
  A demonic crawler (Lair:3)
  A molten gargoyle (D:11)
  A rime drake (Lair:4)
  A komodo dragon (Lair:4)
  A blink frog (Lair:5)
  2 slime creatures (D:13)
  A jumping spider (Spider:1)
  A shadow (D:11)
  5 yaks
  A hog (Swamp:1)
  A basilisk (Lair:4)
  A golden eye (shapeshifter) (D:13)
  A warg (Orc:2)
  A water moccasin (Lair:2)
  3 orc warriors
  3 orc priests
  An orc (Orc:2)
39 creatures vanquished.

Vanquished Creatures (others)
  A bog body (Swamp:1)
  A tengu conjurer (D:15)
  A bloated husk (Swamp:1)
  An acid dragon (D:12)
  An orc warrior (Orc:2)
  A lava snake (D:11)
  An orc wizard (Orc:2)
  2 orcs (Orc:2)
  4 demonic plants (D:2)
  19 fungi
  29 plants
  9 withered plants
70 creatures vanquished.

Grand Total: 746 creatures vanquished

Notes
Turn   | Place    | Note
-------+----------+-------------------------------------------
     0 | D:1      | Zlot the Demonspawn Brigand began the quest for the Orb.
     0 | D:1      | Reached XP level 1. HP: 16/16 MP: 1/1
   282 | D:1      | Gained mutation: You have sharp fingernails. [demonic
                  | ancestry]
   282 | D:1      | Reached XP level 2. HP: 22/22 MP: 3/3
   289 | D:1      | Reached skill level 1 in Spellcasting
   724 | D:1      | Learned a level 2 spell: Wereblood
   849 | D:1      | Gained mutation: You have very sharp fingernails. [demonic
                  | ancestry]
   849 | D:1      | Reached XP level 3. HP: 19/27 MP: 6/6
  1144 | D:2      | Reached skill level 1 in Transmutations
  1144 | D:2      | Gained mutation: You regenerate magic rapidly. [demonic
                  | ancestry]
  1144 | D:2      | Reached XP level 4. HP: 3/33 MP: 7/7
  1626 | D:2      | Found a faded altar of an unknown god.
  2550 | D:3      | You are sucked into a shaft and drop 1 floor!
  2840 | D:3      | Found a hazy altar of Hepliaklqana.
  3001 | D:4      | Noticed Dowan
  3003 | D:4      | Noticed Duvessa
  3022 | D:4      | Killed Duvessa
  3022 | D:4      | Killed Dowan
  3023 | D:4      | Reached XP level 5. HP: 38/38 MP: 8/10
  3023 | D:4      | Reached XP level 6. HP: 44/44 MP: 8/11
  3406 | D:5      | Entered Level 5 of the Dungeon
  3439 | D:5      | Noticed an ice beast
  3458 | D:5      | Killed an ice beast
  3532 | D:5      | Noticed Prince Ribbit
  3565 | D:5      | Killed Prince Ribbit
  3566 | D:5      | Reached skill level 5 in Spellcasting
  3566 | D:5      | Gained mutation: You are partially covered in large bone
                  | plates. (SH +4) [demonic ancestry]
  3566 | D:5      | Reached XP level 7. HP: 50/50 MP: 12/14
  3626 | D:5      | Found a runed translucent gate.
  3626 | D:5      | Found a runed translucent gate.
  3626 | D:5      | Noticed choppaz's ghost (novice VSMo)
  3627 | D:5      | Found a runed translucent gate.
  3958 | D:5      | Found a staircase to the Ecumenical Temple.
  4013 | Temple   | Entered the Ecumenical Temple
  4020 | Temple   | Became a worshipper of Gozag Ym Sagoz the Greedy
  4300 | D:5      | Reached skill level 1 in Shields
  4300 | D:5      | Reached XP level 8. HP: 23/56 MP: 15/15
  4503 | D:6      | Found the +4 robe of Augmentation {Str+4 Int+4 Dex+4}
  4564 | D:6      | Reached skill level 2 in Shields
  5151 | D:6      | Reached skill level 3 in Shields
  5161 | D:6      | Reached skill level 5 in Throwing
  5582 | D:7      | Reached skill level 4 in Shields
  5742 | D:7      | Found a flagged portal.
  5786 | Bailey   | Entered a bailey
  5812 | Bailey   | Reached skill level 5 in Shields
  6011 | Bailey   | Found a large runed translucent door.
  6011 | Bailey   | Found a large runed translucent door.
  6012 | Bailey   | Noticed a deep elf pyromancer
  6025 | Bailey   | Reached XP level 9. HP: 61/61 MP: 16/16
  6029 | Bailey   | Noticed an orc knight
  6067 | Bailey   | Killed an orc knight
  6068 | Bailey   | Reached skill level 6 in Shields
  6145 | Bailey   | Killed a deep elf pyromancer
  6146 | Bailey   | Reached skill level 7 in Shields
  6157 | Bailey   | Got the Tractate on the Figure and Breath
  6501 | D:7      | Noticed a troll
  6515 | D:7      | Reached skill level 8 in Shields
  6570 | D:7      | Killed a troll
  6571 | D:7      | Reached skill level 9 in Shields
  6571 | D:7      | Reached XP level 10. HP: 46/67 MP: 16/18
  7301 | D:8      | Found a burning altar of Makhleb.
  7463 | D:8      | Noticed a centaur warrior
  7480 | D:8      | Identified the ring of New Discoveries {rElec rC+ rN+}
  7480 | D:8      | Noticed a centaur warrior
  7496 | D:8      | Identified the ring "Qidif" {rElec rPois rC+ rCorr Slay-2}
  7496 | D:8      | Noticed a centaur warrior
  7499 | D:8      | Found a sacrificial altar of Ru.
  7576 | D:8      | Reached skill level 10 in Shields
  7689 | D:8      | Found a snail-covered altar of Cheibriados.
  7801 | D:8      | Noticed a cyclops
  7816 | D:8      | Killed a cyclops
  7817 | D:8      | Reached skill level 1 in Dodging
  7855 | D:8      | Noticed a tengu warrior
  7887 | D:8      | Killed a tengu warrior
  7888 | D:8      | Reached skill level 1 in Armour
  7888 | D:8      | Reached skill level 1 in Unarmed Combat
  7989 | D:8      | Killed a centaur warrior
  7990 | D:8      | Reached skill level 1 in Maces & Flails
  8012 | D:8      | Noticed a death knight
  8201 | D:8      | Identified the amulet of Dasuuzec {Faith Will+}
  8235 | D:8      | Identified the ring of Bofujawn {Will+ Str+4}
  8235 | D:8      | Noticed a centaur warrior
  8244 | D:8      | Killed a centaur warrior
  8245 | D:8      | Gained mutation: When hurt, damage is shared between your
                  | health and your magic reserves. [demonic ancestry]
  8245 | D:8      | Reached XP level 11. HP: 68/72 MP: 19/19
  8305 | D:8      | Found a bloodstained altar of Trog.
  8383 | D:8      | Killed a centaur warrior
  8384 | D:8      | Reached skill level 11 in Shields
  8583 | D:9      | Found a staircase to the Lair.
  9048 | D:9      | Found a staircase to the Orcish Mines.
  9056 | D:9      | Learned a level 5 spell: Yara's Violent Unravelling
  9056 | D:9      | Reached skill level 5 in Fighting
  9056 | D:9      | Gained mutation: A weak demonic guardian rushes to your
                  | aid. [demonic ancestry]
  9056 | D:9      | Reached XP level 12. HP: 86/86 MP: 20/20
  9460 | D:9      | Noticed a centaur warrior
  9488 | D:9      | Killed a centaur warrior
  9550 | D:10     | Entered Level 10 of the Dungeon
 10219 | D:10     | Noticed Joseph
 10269 | D:11     | Learned a level 3 spell: Dazzling Flash
 10409 | D:10     | Killed Joseph
 10559 | D:10     | Noticed a death yak
 10579 | D:10     | Gained mutation: You are robust. (+10% HP) [potion of
                  | mutation]
 10579 | D:10     | Gained mutation: Your body sometimes deteriorates upon
                  | taking damage. [potion of mutation]
 10579 | D:10     | Gained mutation: You are very robust. (+20% HP) [potion of
                  | mutation]
 10603 | D:10     | Killed a death yak
 11003 | D:11     | Noticed a two-headed ogre
 11012 | D:11     | Killed a two-headed ogre
 11435 | D:11     | Gained mutation: You have claws for hands. [demonic
                  | ancestry]
 11435 | D:11     | Reached XP level 13. HP: 111/111 MP: 21/21
 11521 | D:11     | Reached skill level 5 in Maces & Flails
 11585 | D:11     | Reached skill level 1 in Conjurations
 12611 | D:12     | Reached skill level 1 in Evocations
 12635 | D:12     | Found Jiodu's Assorted Antiques.
 12649 | D:12     | Bought a scroll of identify for 62 gold pieces
 12649 | D:12     | Bought a potion of berserk rage for 155 gold pieces
 12649 | D:12     | Bought a wand of mindburst (3) for 130 gold pieces
 12814 | D:12     | Noticed Psyche
 12844 | D:12     | Killed Psyche
 12895 | D:12     | Noticed Maurice
 12896 | D:12     | Noticed Sonja
 12915 | D:12     | Killed Sonja
 12943 | D:12     | Gained mutation: You are vulnerable to heat. (rF-) [you]
 12981 | D:12     | Killed Maurice
 13649 | D:13     | Found Orargh's Jewellery Emporium.
 13753 | D:13     | Found a gate to the Vaults.
 13753 | D:13     | Noticed an ironbound preserver
 13771 | D:13     | Reached skill level 5 in Unarmed Combat
 13841 | D:13     | Killed an ironbound preserver
 13926 | D:13     | Reached skill level 5 in Armour
 14025 | D:13     | Found Vepyr's Jewellery Boutique.
 14211 | Orc:1    | Entered Level 1 of the Orcish Mines
 14212 | Orc:1    | Found Luarer's Jewellery Shop.
 14248 | Orc:1    | Noticed an orc warlord
 14285 | Orc:1    | Killed an orc warlord
 14286 | Orc:1    | Reached skill level 12 in Shields
 14554 | Orc:1    | Found a bloodstained altar of Trog.
 14663 | Orc:1    | You fall into a shaft and drop 1 floor!
 14663 | Orc:2    | Entered Level 2 of the Orcish Mines
 14663 | Orc:2    | Found a staircase to the Elven Halls.
 14686 | Orc:2    | Noticed Josephine
 15601 | Orc:1    | Killed Josephine
 15602 | Orc:1    | Gained mutation: A demonic guardian rushes to your aid.
                  | [demonic ancestry]
 15602 | Orc:1    | Reached XP level 14. HP: 52/111 MP: 15/24
 16148 | Orc:2    | Found Ufeiloiwoga's Antique Armour Shoppe.
 16148 | Orc:2    | Found Jiywnuke's Antique Armour Boutique.
 16150 | Orc:2    | Found Ywuemes's Antique Armour Shop.
 16152 | Orc:2    | Found Teagrolu's Jewellery Emporium.
 16163 | Orc:2    | Bought a pair of buzzing boots for 275 gold pieces
 16163 | Orc:2    | Identified the +0 pair of boots of the Blessed Realm {rC+}
                  | (You bought it in a shop on level 2 of the Orcish Mines)
 16180 | Orc:2    | Bought a glowing helmet for 210 gold pieces
 16184 | Orc:2    | Bought a translucent plate armour for 812 gold pieces
 16184 | Orc:2    | Identified the +0 plate armour of the Ward {+Blink Dex+3
                  | Slay+3 Stlth+} (You bought it in a shop on level 2 of the
                  | Orcish Mines)
 16205 | Orc:2    | Bought the +10 tower shield of Ignorance {rN+ Int-4} for
                  | 1604 gold pieces
 16205 | Orc:2    | Found the +10 tower shield of Ignorance {rN+ Int-4}
 16391 | Lair:1   | Entered Level 1 of the Lair of Beasts
 16791 | Lair:1   | Found a hide-covered altar of Uskayaw.
 16795 | Lair:1   | Found an ornate altar of the Wu Jian Council.
 17386 | Lair:2   | Reached skill level 5 in Dodging
 17538 | Lair:2   | Bought a potion of resistance for 130 gold pieces
 17538 | Lair:2   | Bought a potion of haste for 130 gold pieces
 17538 | Lair:2   | Bought a potion of degeneration for 13 gold pieces
 18047 | Lair:2   | Found a staircase to the Swamp.
 18293 | Lair:3   | Found a dark tunnel.
 18463 | Elf:1    | Entered Level 1 of the Elven Halls
 18463 | Elf:1    | Noticed a deep elf sorcerer
 18463 | Elf:1    | Found a runed translucent gate.
 18463 | Elf:1    | Found a runed translucent gate.
 18463 | Elf:1    | Found a runed translucent gate.
 18463 | Elf:1    | Found a runed translucent gate.
 18463 | Elf:1    | Found a runed translucent gate.
 18463 | Elf:1    | Found a runed translucent gate.
 18742 | Lair:3   | Reached skill level 1 in Axes
 19059 | Lair:3   | Found a hole to the Spider Nest.
 19519 | Lair:4   | Found a broken altar of Ashenzari.
 20044 | Lair:4   | Bought an ancient war axe for 314 gold pieces
 20044 | Lair:4   | Identified the +6 war axe "Ciebeuto" {heavy, Will+ Dex+2}
                  | (You bought it in a shop on level 4 of the Lair of Beasts)
 20044 | Lair:4   | Bought a crude scimitar for 333 gold pieces
 20044 | Lair:4   | Identified the +5 scimitar of Juowkesa {freeze, Str+3} (You
                  | bought it in a shop on level 4 of the Lair of Beasts)
 20490 | Lair:5   | Entered Level 5 of the Lair of Beasts
 20490 | Lair:5   | Found a viscous altar of Jiyva.
 20490 | Lair:5   | Found a staircase to the Slime Pits.
 20495 | Lair:5   | Noticed Rupert
 20527 | Lair:5   | Killed Rupert
 20705 | Lair:5   | Reached skill level 5 in Axes
 21080 | Lair:5   | Reached XP level 15. HP: 83/129 MP: 16/25
 21089 | Lair:5   | Reached skill level 13 in Shields
 22703 | D:13     | Found Vamu's Magic Scroll Boutique.
 22712 | D:13     | Bought 3 scrolls of enchant weapon for 337 gold pieces
 22712 | D:13     | Bought a scroll of identify for 30 gold pieces
 22712 | D:13     | Bought a scroll of teleportation for 45 gold pieces
 22712 | D:13     | Bought a scroll of identify for 30 gold pieces
 22712 | D:13     | Bought a scroll of blinking for 112 gold pieces
 22739 | D:13     | HP: 6/130 [meliai/+0 war axe (7)]
 22868 | D:13     | Found the +3 pair of seven-league boots {Rampage+∞}
 23091 | D:13     | Found Hosul's Antique Armour Boutique.
 23224 | D:14     | Noticed Nessos
 23277 | D:14     | Killed Nessos
 23616 | D:14     | Found Jaicwics's Vocational Training.
 23795 | D:15     | Entered Level 15 of the Dungeon
 23795 | D:15     | Found a staircase to the Depths.
 24608 | D:15     | Identified the amulet "Fyuri" {Faith +Inv rN++ Int+4
                  | Slay-5}
 25101 | Orc:1    | Noticed Erica
 25110 | Orc:1    | Killed Erica
 25375 | Depths:1 | Entered Level 1 of the Depths
 25526 | D:15     | Bought a wand of mindburst (10) for 378 gold pieces
 25526 | D:15     | Bought a potion of curing for 81 gold pieces
 25526 | D:15     | Bought a wand of iceblast (4) for 259 gold pieces
 25526 | D:15     | Bought a glowing hand crossbow for 175 gold pieces
 25786 | Spider:1 | Entered Level 1 of the Spider Nest
 25904 | Lair:3   | HP: 6/132 [spark wasp (14)]
 25904 | Lair:3   | HP: 2/132 [spark wasp (4)]
 26568 | Spider:1 | Reached XP level 16. HP: 139/139 MP: 26/26
 27469 | Orc:2    | Learned a level 1 spell: Summon Small Mammal
 27474 | Orc:2    | Learned a level 3 spell: Call Canine Familiar
 28358 | Swamp:1  | Entered Level 1 of the Swamp
 28393 | Swamp:1  | Reached skill level 14 in Shields
 28425 | Swamp:1  | Noticed Kirke
 28465 | Swamp:1  | Killed Kirke
 28466 | Swamp:1  | Reached skill level 1 in Summonings
 28514 | Swamp:1  | Noticed Louise
 28565 | Lair:2   | Learned a level 4 spell: Iskenderun's Mystic Blast
 28743 | Swamp:1  | HP: 6/140 [goliath frog (4)]
 28744 | Swamp:1  | Splashed by a goliath frog's acid

Illustrated notes

Levels and vault maps discovered:
D:1:      co_arrival_two_rings, layout_basic, serial_corexii_hall,
          chequers_hall_statues_y, corexii_hall_statues_l
D:2:      layout_basic, shapermc_ecumenical_altar_gd,
          chequers_serial_rivers_small_a, grunt_ministairs_14,
          kennysheep_pointless_box
D:3:      layout_basic, mainiacjoe_overflow_alcove_2
D:4:      cheibrodos_quashed, layout_rooms, uniq_duvessa
D:5:      layout_basic, minmay_temple_entry_mini_moons,
          gammafunk_ghost_nasty_kobolds, uniq_prince_ribbit1
D:6:      layout_loops_ring, serial_glass, glass_columns_a, glass_columns_b,
          glass_columns_c, glass_columns_c, nicolae_sextant, minmay_pentangle
D:7:      layout_loops_corners, enter_bailey_2, grunt_potential
D:8:      minmay_the_grid_triangle_9x9_recursive_2
          [minmay_the_grid_triangle_9x9_prize_special,
          minmay_the_grid_triangle_9x9_skeleton,
          minmay_the_grid_triangle_9x9_impossible_snake,
          minmay_the_grid_triangle_9x9_descending_squares], layout_loops_ring,
          mainiacjoe_overflow_alcove_4, trog_book, hangedman_ru_absence,
          kennysheep_little_box
D:9:      layout_cave_pods, lair_entry_dummy, orc_0_dummy
D:10:     argonaut_augean_stables, layout_stronghold, minmay_quadrilaterals,
          uniq_joseph
D:11:     cheibrodos_magma_flow, layout_small_grid
D:12:     layout_roguey, serial_shops, shop, roderic_batcave, uniq_maurice,
          uniq_psyche, uniq_sonja
D:13:     minmay_outward_triangles, layout_irregular_city,
          skrybe_vaults_entry_preservation, serial_shops, shop,
          nicolae_shop_tiny_real_fake_doors, nicolae_shop_overgrown_old_shop,
          nicolae_shop_tiny_real_fake_doors, grunt_decor_clamped,
          hangedman_abyss_or_decor_lesser_grid,
          hellmonk_guarded_unrand_seven_league_boots
D:14:     layout_cave_pools, dk_noncrumbling_4, nicolae_shop_vocational,
          uniq_nessos
D:15:     gammafunk_depths_entry_grave, layout_loops_ring,
          chequers_serial_rivers_micro_a, hangedman_decor_points,
          serial_park_tiny_1, serial_bayou_crossing
Temple:   minmay_crystal_spiral_temple
Lair:1:   layout_roguey, nzn_masters_of_martial_movement
Lair:2:   layout_regular_city, nicolae_swamp_entry_splash_gauntlet
Lair:3:   layout_roguey, hellmonk_spider_entry_not_the_bees,
          lightli_volcano_entry_magma_tube
Lair:4:   layout_roguey, basic_altar, beast_lair_carwin_7
Lair:5:   grunt_lair_end_beastmaster, layout_small_grid, slime_entry_1,
          wad_woods_road_01, uniq_rupert
Swamp:1:  nicolae_swamp_decorative_isthmus, layout_basic_swamp,
          nicolae_swamp_feature_on_the_river_bank, uniq_jorgrun, uniq_kirke,
          uniq_louise
Spider:1: layout_spider_delve
Orc:1:    layout_diamond_mine, basic_altar, serial_shops, shop, uniq_erica
Orc:2:    st_orc_rangers, layout_caves, uniq_josephine
Elf:1:    nicolae_elf_arrival_dilemma, layout_gridlike, minmay_elf_necromancy,
          minmay_shop_star, uniq_azrael
Depths:1: layout_gridville, enter_ziggurat_f, hell_entry, grunt_decor_cap,
          abyss_entry_flame_altar, nicolae_figureground_pulse

Skill      XL: |  1  2  3  4  5  6  7  8  9 10 11 12 13 14 15 16 |
---------------+-------------------------------------------------+-----
Spellcasting   | 2 3 5 6 7 |  7.0
Transmutations | 1 3 4 6 |  6.6
Throwing       | 4 5 6 7 |  7.4
Shields        | 1 5 9 10 11 12 13 14 | 14.0
Short Blades   | 2 |  2.0
Dodging        | 2 4 5 6 |  6.5
Armour         | 1 2 4 5 6 7 |  7.5
Unarmed Combat | 2 4 5 6 |  6.3
Maces & Flails | 1 2 4 6 |  6.6
Fighting       | 5 6 7 8 |  8.1
Hexes          | 6 7 |  7.5
Conjurations   | 3 4 |  4.1
Evocations     | 2 4 |  4.2
Stealth        | 4 |  4.3
Axes           | 5 9 |  9.6
Summonings     | 1 |  1.3

Action                     |  1- 3 |  4- 6 |  7- 9 | 10-12 | 13-15 | 16-18 || total
---------------------------+-------+-------+-------+-------+-------+-------++-------
  Melee: Dagger            |   114 |    72 |       |       |       |       ||   186
         Punch             |     3 |     1 |       |       |       |     2 ||     6
         Short sword       |       |    58 |   279 |   206 |       |       ||   543
         Flail             |       |       |       |   720 |  1290 |       ||  2010
         War axe           |       |       |       |       |   248 |       ||   248
         Broad axe         |       |       |       |       |   951 |   325 ||  1276
   Fire: Hand crossbow     |       |       |       |       |       |     3 ||     3
  Throw: Dart              |     7 |    40 |    46 |    73 |   137 |    13 ||   316
         Boomerang         |       |       |     2 |     5 |     4 |    14 ||    25
         Javelin           |       |       |       |       |     4 |       ||     4
   Cast: Wereblood         |       |       |     4 |    24 |    24 |       ||    52
         Dazzling Flash    |       |       |       |       |    11 |     2 ||    13
         Yara's Violent Un |       |       |       |       |     1 |       ||     1
 Invoke: Call Merchant     |       |       |       |       |     3 |       ||     3
Ability: Evoke Blink       |       |       |       |       |     1 |       ||     1
  Evoke: Wand              |       |       |     2 |     5 |    43 |       ||    50
         Lightning rod     |       |       |       |       |     1 |     3 ||     4
         Phial of floods   |       |       |       |       |       |     1 ||     1
    Use: Scroll            |     1 |       |    12 |    10 |    13 |     5 ||    41
         Potion            |     1 |       |     4 |    11 |    10 |     2 ||    28
   Stab: Sleeping          |     5 |     5 |       |     8 |     3 |       ||    21
         Distracted        |       |     1 |     4 |     3 |    21 |     2 ||    31
         Invisible         |       |       |       |       |    12 |     2 ||    14
         Petrified         |       |       |       |       |     4 |       ||     4
 Armour: Robe              |    30 |    24 |   107 |   334 |   335 |    95 ||   925
         Plate armour      |       |       |       |       |   961 |   330 ||  1291
  Dodge: Dodged            |    59 |    61 |    71 |   302 |   644 |   176 ||  1313
  Block: Tower shield      |       |       |   362 |  1502 |  4749 |   970 ||  7583
         Other             |       |       |       |       |       |     7 ||     7

Table legend: (Time is in decaauts)
 A = Elapsed time spent in this place.
 B = Non-inter-level travel time spent in this place.
 C = Inter-level travel time spent in this place.
 D = Time resting spent in this place.
 E = Time spent auto-exploring this place.
 F = Levels seen in this place.
 G = Mean time per level.
                   A        B        C        D        E       F      G
               +--------+--------+--------+--------+--------+-----+--------+
         Total |  30420 |  27351 |   3069 |   1682 |  14937 |  28 | 1086.4 |
       Dungeon |  18334 |  16578 |   1756 |    831 |   9910 |  15 | 1222.3 |
        Temple |    208 |    124 |     84 |      0 |    103 |   1 |  208.0 |
          Lair |   6893 |   6198 |    695 |    512 |   3368 |   5 | 1378.6 |
         Swamp |    420 |    404 |     16 |      2 |    221 |   1 |  420.0 |
   Spider Nest |   1228 |   1226 |      2 |     93 |    405 |   1 | 1228.0 |
  Orcish Mines |   2817 |   2304 |    513 |    212 |    870 |   2 | 1408.5 |
   Elven Halls |      1 |      1 |      0 |      0 |      0 |   1 |    1.0 |
        Depths |     22 |     22 |      0 |      0 |      1 |   1 |   22.0 |
        Bailey |    494 |    494 |      0 |     31 |     58 |   1 |  494.0 |
               +--------+--------+--------+--------+--------+-----+--------+

Top non-repeatable levels by time:
    D:13: 1993 daAuts
   Orc:1: 1979 daAuts
  Lair:3: 1867 daAuts
    D:11: 1687 daAuts
    D:12: 1592 daAuts
    D:10: 1549 daAuts
     D:8: 1444 daAuts
  Lair:5: 1433 daAuts
  Lair:2: 1424 daAuts
     D:9: 1403 daAuts
    D:15: 1329 daAuts
     D:7: 1287 daAuts
Spider:1: 1228 daAuts
  Lair:4: 1210 daAuts
     D:2: 1103 daAuts
